EL
JACKSONVILLE SUNS @ READING FIGHTIN PHILS
09/08/2044
 
TOP OF THE 1ST
Jacksonville Suns batting - Pitching for Reading Fightin Phils : RHP Frank Diaz
Pitching: RHP Frank Diaz
Batting: LHB Jose Cabello 0-0: Ball
1-0: Ball
2-0: SINGLE (Groundball, 34D, EV 96.9 MPH)
Batting: RHB Mike Gar 0-0: Called Strike
0-1: SINGLE (Line Drive, 4MD, EV 97.5 MPH)
Jose Cabello to second
Runner from 2nd tries for 3rd, OUT! 8-5
Batting: RHB Akira Suzuki 0-0: Called Strike
Mike Gar steals 2nd base
0-1: Ball
1-1: Ball
2-1: Called Strike
2-2: Fly out, F8 (Flyball, 8LXD, EV 85.0 MPH)
Runner from 2nd tags up, SAFE at 3rd, no throw by CF
Batting: LHB Jimmy Hannon 0-0: Ball
1-0: Foul Ball, location: 2F
1-1: Foul Ball, location: 2F
1-2: Foul Ball, location: 2F
1-2: Foul Ball, location: 2F
1-2: Ball
2-2: Ground out U3 (Groundball, 3, EV 98.1 MPH)
Top of the 1st over - 0 runs, 2 hits, 0 errors, 1 left on base; Jacksonville 0 - Reading 0
BOTTOM OF THE 1ST
Reading Fightin Phils batting - Pitching for Jacksonville Suns : RHP Stefan Snel
Pitching: RHP Stefan Snel
Batting: RHB Matt Strong 0-0: Ball
1-0: Foul Ball, location: 2F
1-1: Ball
2-1: DOUBLE (Line Drive, 7LS, EV 99.4 MPH)
Batting: RHB Fletcher Easter 0-0: Swinging Strike
0-1: Foul Ball, location: 2F
0-2: Ball
1-2: Ground out 6-3 (Groundball, 6, EV 106.9 MPH)
Batting: SHB Lance Franklin 0-0: Ball
1-0: Ball
2-0: Foul Ball, location: 2F
2-1: Swinging Strike
2-2: Strikes out looking
Batting: LHB Chris Fandino 0-0: Ball
1-0: Ball
2-0: Fly out, F8 (Line Drive, 8LD, EV 91.3 MPH)
Bottom of the 1st over - 0 runs, 1 hit, 0 errors, 1 left on base; Jacksonville 0 - Reading 0
TOP OF THE 2ND
Jacksonville Suns batting - Pitching for Reading Fightin Phils : RHP Frank Diaz
Batting: RHB Rick Fell 0-0: Ball
1-0: Ball
2-0: Ball
3-0: Base on Balls
Batting: SHB Yoo-chul Jung 0-0: Called Strike
0-1: Ball
Rick Fell steals 2nd base
1-1: Ball
2-1: Ball
3-1: Swinging Strike
3-2: Fly out, F7 (Flyball, 7LS, EV 93.8 MPH)
Batting: LHB Jeff Tavella 0-0: Ball
1-0: Ball
2-0: Ball
3-0: Base on Balls
Batting: LHB Emilio Cordero 0-0: Ball
1-0: Ball
2-0: Ball
3-0: Base on Balls
Rick Fell to third
Jeff Tavella to second
Batting: RHB Marco Sianez 0-0: Ball
1-0: Called Strike
1-1: Ball
2-1: Foul Ball, location: 2F
2-2: Foul Ball, location: 2F
2-2: Foul Ball, location: 2F
2-2: Ball
3-2: Fly out, F3 (Popup, 3F, EV 79.4 MPH)
Batting: LHB Jose Cabello 0-0: Foul Ball, location: 2F
0-1: Ball
1-1: Ball
2-1: Called Strike
2-2: Ball
3-2: Strikes out looking
Top of the 2nd over - 0 runs, 0 hits, 0 errors, 3 left on base; Jacksonville 0 - Reading 0
BOTTOM OF THE 2ND
Reading Fightin Phils batting - Pitching for Jacksonville Suns : RHP Stefan Snel
Batting: LHB Darrell Ortega 0-0: Ball
1-0: Swinging Strike
1-1: Swinging Strike
1-2: Ball
2-2: Foul Ball, location: 2F
2-2: Ball
3-2: Foul Ball, location: 2F
3-2: Base on Balls
Batting: RHB Austin Wiebe 0-0: Ball
1-0: Called Strike
1-1: Ball
2-1: Ball
3-1: Grounds into double play, 6-4-3 (Groundball, 56, EV 81.3 MPH)
Batting: LHB Michael Tuttle 0-0: SINGLE (Groundball, 34D, EV 105.6 MPH)
Batting: RHB Hector Nunez 0-0: Called Strike
0-1: Called Strike
0-2: Ball
1-2: Fielders Choice at 2nd, 6-4 (Groundball, 6, EV 88.8 MPH)
Bottom of the 2nd over - 0 runs, 1 hit, 0 errors, 1 left on base; Jacksonville 0 - Reading 0
TOP OF THE 3RD
Jacksonville Suns batting - Pitching for Reading Fightin Phils : RHP Frank Diaz
Batting: RHB Mike Gar 0-0: Ball
1-0: Called Strike
1-1: Ground out 6-3 (Groundball, 6, EV 83.1 MPH)
Batting: RHB Akira Suzuki 0-0: Foul Ball, location: 2F
0-1: Ball
1-1: Ball
2-1: Ball
3-1: Fly out, F8 (Flyball, 8LD, EV 98.1 MPH)
Batting: LHB Jimmy Hannon 0-0: Called Strike
0-1: Ball
1-1: Foul Ball, location: 2F
1-2: Ball
2-2: Fly out, F4 (Line Drive, 4, EV 72.5 MPH)
Top of the 3rd over - 0 runs, 0 hits, 0 errors, 0 left on base; Jacksonville 0 - Reading 0
BOTTOM OF THE 3RD
Reading Fightin Phils batting - Pitching for Jacksonville Suns : RHP Stefan Snel
Batting: RHB Gary Hills 0-0: Foul Ball, location: 2F
0-1: Called Strike
0-2: Ball
1-2: Foul Ball, location: 2F
1-2: Strikes out looking
Batting: RHB Matt Strong 0-0: Ball
1-0: Called Strike
1-1: Fly out, F9 (Line Drive, 9, EV 96.3 MPH)
Batting: RHB Fletcher Easter 0-0: Ball
1-0: Swinging Strike
1-1: Ball
2-1: Ball
3-1: Swinging Strike
3-2: Strikes out swinging
Bottom of the 3rd over - 0 runs, 0 hits, 0 errors, 0 left on base; Jacksonville 0 - Reading 0
TOP OF THE 4TH
Jacksonville Suns batting - Pitching for Reading Fightin Phils : RHP Frank Diaz
Batting: RHB Rick Fell 0-0: SINGLE (Line Drive, 8LS, EV 90.6 MPH)
Batting: SHB Yoo-chul Jung 0-0: Ball
1-0: Called Strike
1-1: SINGLE (Line Drive, 78S, EV 98.8 MPH)
Rick Fell to second
Runner from 2nd tries for 3rd, SAFE, throw by LF made to third
Batting: LHB Jeff Tavella 0-0: Called Strike
0-1: Foul Ball, location: 2F
0-2: Grounds into double play, 4-6-3 (Groundball, 34, EV 105.0 MPH)
Rick Fell scores
Batting: LHB Emilio Cordero 0-0: Ball
1-0: Swinging Strike
1-1: Ground out 4-3 (Groundball, 4, EV 84.4 MPH)
Top of the 4th over - 1 run, 2 hits, 0 errors, 0 left on base; Jacksonville 1 - Reading 0
BOTTOM OF THE 4TH
Reading Fightin Phils batting - Pitching for Jacksonville Suns : RHP Stefan Snel
Batting: SHB Lance Franklin 0-0: Ball
1-0: Fly out, F8 (Flyball, 78M, EV 91.9 MPH)
Batting: LHB Chris Fandino 0-0: Foul Ball, location: 2F
0-1: Ball
1-1: Foul Ball, location: 2F
1-2: Foul Ball, location: 2F
1-2: Foul Ball, location: 2F
1-2: Foul Ball, location: 2F
1-2: Ball
2-2: SINGLE (Line Drive, 6M, EV 99.4 MPH)
Batting: LHB Darrell Ortega 0-0: Called Strike
0-1: Ball
1-1: Ball
2-1: Ball
3-1: Swinging Strike
3-2: SINGLE (Line Drive, 78S, EV 103.1 MPH)
Chris Fandino to second
Batting: RHB Austin Wiebe 0-0: Grounds into double play, 6-4-3 (Groundball, 6, EV 105.6 MPH)
Bottom of the 4th over - 0 runs, 2 hits, 0 errors, 1 left on base; Jacksonville 1 - Reading 0
TOP OF THE 5TH
Jacksonville Suns batting - Pitching for Reading Fightin Phils : RHP Frank Diaz
Pitching: RHP Javier Trujillo
Batting: RHB Marco Sianez 0-0: Called Strike
0-1: Foul Ball, location: 2F
0-2: SOLO HOME RUN (Flyball, 7LD, EV 91.9 MPH), Distance : 349 ft
Batting: LHB Jose Cabello 0-0: Called Strike
0-1: Ball
1-1: Foul Ball, location: 2F
1-2: Ground out 1-3 (Groundball, 15S, EV 71.9 MPH)
Batting: RHB Mike Gar 0-0: Foul Ball, location: 2F
0-1: Ball
1-1: Called Strike
1-2: Ball
2-2: Strikes out swinging
Batting: RHB Akira Suzuki 0-0: Ball
1-0: Swinging Strike
1-1: Swinging Strike
1-2: Ball
2-2: Ball
3-2: Strikes out swinging
Top of the 5th over - 1 run, 1 hit, 0 errors, 0 left on base; Jacksonville 2 - Reading 0
BOTTOM OF THE 5TH
Reading Fightin Phils batting - Pitching for Jacksonville Suns : RHP Stefan Snel
Batting: LHB Michael Tuttle 0-0: Called Strike
0-1: Ball
1-1: DOUBLE (Line Drive, 89D, EV 108.1 MPH)
Batting: RHB Hector Nunez 0-0: Foul Ball, location: 2F
0-1: Ball
1-1: Ball
2-1: Ground out 6-3 (Groundball, 6, EV 84.4 MPH)
Batting: RHB Gary Hills 0-0: Called Strike
0-1: Swinging Strike
0-2: Strikes out swinging, 2-3 out at first.
Batting: RHB Matt Strong 0-0: Ball
1-0: Ball
2-0: Ground out 6-3 (Groundball, 56, EV 100.0 MPH)
Bottom of the 5th over - 0 runs, 1 hit, 0 errors, 1 left on base; Jacksonville 2 - Reading 0
TOP OF THE 6TH
Jacksonville Suns batting - Pitching for Reading Fightin Phils : RHP Javier Trujillo
Batting: LHB Jimmy Hannon 0-0: Ball
1-0: Fly out, F9 (Flyball, 89M, EV 86.9 MPH)
Batting: RHB Rick Fell 0-0: Called Strike
0-1: Foul Ball, location: 2F
0-2: Ball
1-2: Strikes out looking
Batting: SHB Yoo-chul Jung 0-0: Ball
1-0: Ball
2-0: Ball
3-0: Called Strike
3-1: Foul Ball, location: 2F
3-2: Foul Ball, location: 2F
3-2: Ground out 4-3 (Groundball, 4MD, EV 100.6 MPH)
Top of the 6th over - 0 runs, 0 hits, 0 errors, 0 left on base; Jacksonville 2 - Reading 0
BOTTOM OF THE 6TH
Reading Fightin Phils batting - Pitching for Jacksonville Suns : RHP Stefan Snel
Batting: RHB Fletcher Easter 0-0: Foul Ball, location: 2F
0-1: Ball
1-1: Swinging Strike
1-2: Foul Ball, location: 2F
1-2: Ball
2-2: Ball
3-2: Fly out, F7 (Flyball, 7LS, EV 92.5 MPH)
Batting: SHB Lance Franklin 0-0: Ball
1-0: Called Strike
1-1: Called Strike
1-2: Ball
2-2: Ball
3-2: Base on Balls
Batting: LHB Chris Fandino 0-0: Called Strike
0-1: Ball
Lance Franklin steals 2nd base
1-1: Called Strike
1-2: Ground out 4-3 (Groundball, 4, EV 84.4 MPH)
Lance Franklin to third
Batting: LHB Darrell Ortega 0-0: Ball
1-0: Ball
2-0: Ground out 1-3 (Groundball, 15S, EV 73.8 MPH)
Bottom of the 6th over - 0 runs, 0 hits, 0 errors, 1 left on base; Jacksonville 2 - Reading 0
TOP OF THE 7TH
Jacksonville Suns batting - Pitching for Reading Fightin Phils : RHP Javier Trujillo
Pitching: RHP Adam Rasmussen
Batting: LHB Jeff Tavella 0-0: Foul Ball, location: 2F
0-1: Ball
1-1: Ball
2-1: Called Strike
2-2: Fly out, F9 (Flyball, 9D, EV 100.6 MPH)
Batting: LHB Emilio Cordero 0-0: Called Strike
0-1: Ball
1-1: Ball
2-1: Foul Ball, location: 2F
2-2: Foul Ball, location: 2F
2-2: Ball
3-2: Strikes out swinging
Batting: RHB Marco Sianez 0-0: Called Strike
0-1: Ball
1-1: Foul Ball, location: 2F
1-2: Ball
2-2: SINGLE (Line Drive, 34, EV 100.0 MPH)
Batting: LHB Jose Cabello 0-0: Ball
1-0: Swinging Strike
1-1: Foul Ball, location: 2F
1-2: Ground out 4-3 (Groundball, 4S, EV 80.0 MPH)
Top of the 7th over - 0 runs, 1 hit, 0 errors, 1 left on base; Jacksonville 2 - Reading 0
BOTTOM OF THE 7TH
Reading Fightin Phils batting - Pitching for Jacksonville Suns : RHP Stefan Snel
Batting: RHB Austin Wiebe 0-0: Called Strike
0-1: SINGLE (Groundball, 56S, EV 70.6 MPH) (infield hit)
Batting: LHB Michael Tuttle 0-0: Called Strike
0-1: Ball
1-1: Ball
2-1: Ball
3-1: Base on Balls
Austin Wiebe to second
Batting: RHB Hector Nunez 0-0: Ball
1-0: Swinging Strike
1-1: Fielders Choice at 2nd, 6-4 (Groundball, 6, EV 86.9 MPH)
Austin Wiebe to third
Pinch Hitting: LHB Danny Hill 0-0: Ball
1-0: Called Strike
1-1: Ball
2-1: Fly out, F9 (Flyball, 9S, EV 75.0 MPH)
Batting: RHB Matt Strong 0-0: Foul Ball, location: 2F
0-1: Fly out, F3 (Popup, 34S, EV 70.0 MPH)
Bottom of the 7th over - 0 runs, 1 hit, 0 errors, 2 left on base; Jacksonville 2 - Reading 0
TOP OF THE 8TH
Jacksonville Suns batting - Pitching for Reading Fightin Phils : RHP Adam Rasmussen
Pitching: RHP Jaylen Johnson
Now at 1B: Jose Fierro
Now at 3B: Austin Wiebe
Batting: RHB Mike Gar 0-0: SOLO HOME RUN (Flyball, 7LD, EV 94.4 MPH), Distance : 344 ft
Batting: RHB Akira Suzuki 0-0: Fly out, F9 (Flyball, 89M, EV 92.5 MPH)
Batting: LHB Jimmy Hannon 0-0: Ball
1-0: Swinging Strike
1-1: Foul Ball, location: 2F
1-2: Strikes out swinging
Batting: RHB Rick Fell 0-0: Ball
1-0: Ground out 6-3 (Groundball, 56, EV 81.9 MPH)
Top of the 8th over - 1 run, 1 hit, 0 errors, 0 left on base; Jacksonville 3 - Reading 0
BOTTOM OF THE 8TH
Reading Fightin Phils batting - Pitching for Jacksonville Suns : RHP Stefan Snel
Now at 2B: Manny Gonzalez
Now at 3B: Pi-ao XĂș
Batting: RHB Fletcher Easter 0-0: Called Strike
0-1: Ball
1-1: Foul Ball, location: 2F
1-2: SINGLE (Groundball, 5S, EV 67.5 MPH) (infield hit)
Pitching: RHP Pedro Taveras
Batting: SHB Lance Franklin 0-0: Called Strike
0-1: Foul Ball, location: 2F
0-2: Ball
1-2: Strikes out swinging
Batting: LHB Chris Fandino 0-0: Called Strike
0-1: Ball
1-1: Ball
2-1: Ball
3-1: Base on Balls
Fletcher Easter to second
Batting: LHB Darrell Ortega 0-0: Ball
1-0: Ball
2-0: Grounds into double play, 5-4-3 (Groundball, 56, EV 76.3 MPH)
Bottom of the 8th over - 0 runs, 1 hit, 0 errors, 1 left on base; Jacksonville 3 - Reading 0
TOP OF THE 9TH
Jacksonville Suns batting - Pitching for Reading Fightin Phils : RHP Jaylen Johnson
Batting: SHB Yoo-chul Jung 0-0: Ball
1-0: Called Strike
1-1: Ball
2-1: Foul Ball, location: 2F
2-2: Strikes out swinging wild pitch, reaches first!
Batting: LHB Jeff Tavella 0-0: Ball
1-0: Ball
2-0: Sac Bunt to P - play at second, runner OUT! 1-6
Batting: LHB Emilio Cordero 0-0: Ball
1-0: Foul Ball, location: 2F
1-1: Ball
2-1: Ball
3-1: SINGLE (Flyball, 89S, EV 95.0 MPH)
Jeff Tavella to second
Runner from 2nd tries for 3rd, SAFE, throw by RF made to third
Batting: RHB Marco Sianez 0-0: Called Strike
0-1: Foul Ball, location: 2F
0-2: Ball
1-2: Grounds into double play, 3-6-3 (Groundball, 34, EV 95.0 MPH)
Top of the 9th over - 0 runs, 1 hit, 0 errors, 1 left on base; Jacksonville 3 - Reading 0
BOTTOM OF THE 9TH
Reading Fightin Phils batting - Pitching for Jacksonville Suns : RHP Pedro Taveras
Pitching: LHP Will Devitt
Batting: RHB Austin Wiebe 0-0: Ground out 6-3 (Groundball, 56, EV 100.6 MPH)
Batting: RHB Kory Sanchez 0-0: Foul Ball, location: 2F
0-1: Swinging Strike
0-2: Ball
1-2: Ball
2-2: Foul Ball, location: 2F
2-2: Ball
3-2: Strikes out swinging
Batting: RHB Hector Nunez 0-0: Ground out 6-3 (Groundball, 6, EV 93.8 MPH)
Bottom of the 9th over - 0 runs, 0 hits, 0 errors, 0 left on base; Jacksonville 3 - Reading 0
Thursday, March 31st , 2022 - OOTP Baseball 22.12 Build 89